 Dungeon Sprint DCSS version 0.20-a0-1062-g7b787ac (webtiles) character file.

8240 potatolord5000 the Spry (level 11, -7/96 HPs)
             Began as a Demonspawn Monk on Apr 27, 2017.
             Was the Champion of Makhleb.
             Mangled by a reaper
             ... wielding a +2 scythe of venom
              (44 damage)
             ... in the Dungeon (Sprint V: "Ziggurat Sprint").
             The game lasted 00:11:54 (647 turns).

potatolord5000 the Spry (Demonspawn Monk)            Turns: 647, Time: 00:11:55

Health: -7/96      AC: 10    Str: 17    XL:     11   Next: 7%
Magic:  20/20      EV: 31    Int:  9    God:    Makhleb [******]
Gold:   0          SH:  0    Dex: 31    Spells: 10/10 levels left

rFire    . . .     SeeInvis .   i - +5 demon blade
rCold    . . .     Gourm    .   (no shield)
rNeg     . . .     Faith    .   a - +0 robe
rPois    +         Spirit   .   (no helmet)
rElec    .         Reflect  .   o - +2 cloak {rPois}
rCorr    .         Harm     .   (no gloves)
MR       .....     NoTele   +   y - +1 pair of boots {Stlth+}
Stlth    ++++++....             (no amulet)
Regen    0.3/turn               j - +6 ring of dexterity
MPRegen  0.2/turn               k - +6 ring of dexterity

@: mighty, lethally poisoned (-7 -> -77), very slightly contaminated, hasted,
very quick
A: hooves 2, icy blue scales 2, demonic guardian 2, dopey 1, nightstalker 2
a: Minor Destruction, Lesser Servant of Makhleb, Major Destruction, Greater
Servant of Makhleb, Renounce Religion


You were in the Dungeon.
You worshipped Makhleb.
Makhleb was exalted by your worship.
You were full.

You visited 1 branch

Inventory:

Hand Weapons
 i - a +5 demon blade (weapon)
Armour
 a - a +0 robe (worn)
 o - a +2 cloak of poison resistance (worn)
 y - a +1 pair of boots of stealth (worn)
Jewellery
 j - a +6 ring of dexterity (left hand)
 k - a +6 ring of dexterity (right hand)
Scrolls
 h - 4 scrolls of blinking
 r - 4 scrolls of amnesia
 s - 3 scrolls of recharging
 t - 7 scrolls of fog
 u - 5 scrolls of identify
 v - 5 scrolls of remove curse
 w - 2 scrolls of fear
Potions
 c - 10 potions of curing
 d - 6 potions of heal wounds
 e - 2 potions of haste
 f - 7 potions of magic
 g - 3 potions of berserk rage
 l - 2 potions of brilliance
 m - a potion of invisibility
 n - 4 potions of resistance
 p - 2 potions of agility
 q - a potion of might
Comestibles
 b - 5 bread rations
 x - 42 fruits
 z - 3 meat rations


   Skills:
 + Level 12.7 Fighting
 + Level 11.5 Long Blades
 * Level 15.8 Dodging
 - Level 1.7 Stealth
 - Level 2.6 Unarmed Combat
 + Level 13.2 Invocations


You had 10 spell levels left.
You didn't know any spells.

Dungeon Overview and Level Annotations

Branches:
Dungeon (1/1)

Altars:
Ashenzari
Cheibriados
Dithmenos
Elyvilon
Fedhas
Gozag
Hepliaklqana
Kikubaaqudgha
Makhleb
Nemelex Xobeh
Okawaru
Qazlal
Ru
Sif Muna
Trog
Uskayaw
Vehumet
Wu Jian
Xom
Yredelemnul
Zin
The Shining One
Beogh
Jiyva
Lugonu


Innate Abilities, Weirdness & Mutations

You have hoof-like feet.
You are mostly covered in icy blue scales. (AC +3)
A demonic guardian rushes to your aid.
You are significantly more attuned to the shadows.
You are dopey. (Int -2)


Message History

You are more poisoned.
You feel much better.
You feel very sick.
The adder zombie barely misses your orange demon.
The iron imp completely misses you.
Your orange demon stings the adder zombie!
The adder zombie is destroyed!
Makhleb accepts your kill. The quokka skeleton bites you.
The reaper hits you with a scythe of venom!!
You are lethally poisoned!
You feel yourself speed up.
You feel very sick. The iron imp completely misses you.
The quokka skeleton misses you.
You swap places.
You feel very sick.
The adder skeleton bites your orange demon but does no damage.
Your orange demon stings the reaper but does no damage.
The reaper hits you from afar with a scythe of venom!!!
You die...

▓...8©8...▓
▓..)|):}..▓
▓...|)))..▓
▓.........▓.......†.▓
▓.........▓.........▓
▓.........▓.........▓
▓....Z....▓.........▓
▓...4.2...▓.▓.....▓.▓
▓.▓.@35.▓.▓.........▓
▓.....Z...▓▓▓▓▓▓▓▓▓▓▓
▓▓▓▓▓▓▓▓▓▓▓


You could see a reaper, an iron imp, an adder skeleton, a quokka skeleton, a
friendly soul eater and a friendly orange demon.

Vanquished Creatures
  A vault guard (D)
  A rakshasa (D)
  A wizard (D)
  An ironbrand convoker (D)
  An ugly thing (D)
  A black mamba (shapeshifter) (D)
  2 vault sentinels (D)
  A black mamba (D)
  A yaktaur (D)
  2 slime creatures (D)
  A hippogriff (D)
  2 neqoxecs (D)
  2 yaks (D)
  A naga (D)
  2 hell hounds (D)
  3 water moccasins (D)
  A soldier ant (shapeshifter) (D)
  A floating eye (D)
  2 orc warriors (D)
  3 phantoms (D)
  4 scorpions (D)
  2 wights (D)
  2 orc priests (D)
  A jelly (D)
  5 orc wizards (D)
  An iron imp (D)
  An adder zombie (D)
  An orc (D)
  A giant cockroach zombie (D)
48 creatures vanquished.

Vanquished Creatures (collateral kills)
  A vault guard (D)
  A shining eye (D)
  An ugly thing (D)
  A yaktaur (shapeshifter) (D)
  A hornet (shapeshifter) (D)
  A bullfrog (D)
  An adder zombie (D)
  2 ball pythons (D)
  A jackal (D)
10 creatures vanquished.

Grand Total: 58 creatures vanquished

Notes
Turn   | Place    | Note
-------+----------+-------------------------------------------
     0 | D        | potatolord5000 the Demonspawn Monk began the quest for the Orb.
     0 | D        | Reached XP level 1. HP: 18/18 MP: 1/1
     0 | D        | Found a blossoming altar of Fedhas.
     1 | D        | Found a viscous altar of Jiyva.
     1 | D        | Found an ancient bone altar of Kikubaaqudgha.
     1 | D        | Found a hazy altar of Hepliaklqana.
     1 | D        | Found a corrupted altar of Lugonu.
     1 | D        | Found an opulent altar of Gozag.
     1 | D        | Found a burning altar of Makhleb.
    13 | D        | Found an iron altar of Okawaru.
    13 | D        | Found a stormy altar of Qazlal.
    13 | D        | Found a sparkling altar of Nemelex Xobeh.
    13 | D        | Found a sacrificial altar of Ru.
    13 | D        | Found a deep blue altar of Sif Muna.
    15 | D        | Found a bloodstained altar of Trog.
    56 | D        | Became a worshipper of Makhleb the Destroyer
    56 | D        | Reached * piety under Makhleb
    56 | D        | Reached ** piety under Makhleb
    65 | D        | Reached skill level 5 in Dodging
    65 | D        | Gained mutation: You have large cloven feet. [demonic ancestry]
    65 | D        | Reached XP level 2. HP: 26/26 MP: 2/2
    68 | D        | Entered arena 2.
    68 | D        | Noticed a phantom
    77 | D        | Killed a phantom
    77 | D        | Reached skill level 5 in Fighting
    77 | D        | Reached skill level 7 in Dodging
    77 | D        | Gained mutation: You are slightly more attuned to the shadows. [demonic ancestry]
    77 | D        | Reached XP level 3. HP: 32/34 MP: 3/3
    77 | D        | Gained mutation: You have hoof-like feet. [demonic ancestry]
    77 | D        | Reached XP level 4. HP: 38/40 MP: 4/4
    84 | D        | Entered arena 3.
    89 | D        | Reached *** piety under Makhleb
    89 | D        | Reached skill level 8 in Dodging
    89 | D        | Gained mutation: A weak demonic guardian rushes to your aid. [demonic ancestry]
    89 | D        | Reached XP level 5. HP: 47/47 MP: 5/5
   106 | D        | Entered arena 4.
   113 | D        | Reached skill level 5 in Long Blades
   116 | D        | Reached **** piety under Makhleb
   116 | D        | Reached skill level 9 in Dodging
   116 | D        | Gained mutation: You are partially covered in icy blue scales. (AC +2) [demonic ancestry]
   116 | D        | Reached XP level 6. HP: 55/55 MP: 6/6
   133 | D        | Entered arena 5.
   133 | D        | Noticed a slime creature
   133 | D        | Noticed a floating eye
   133 | D        | Noticed a slime creature
   144 | D        | Paralysed by a floating eye for 4 turns
   152 | D        | Killed a floating eye
   152 | D        | Reached skill level 10 in Dodging
   158 | D        | Killed a slime creature
   158 | D        | Reached XP level 7. HP: 63/63 MP: 6/10
   161 | D        | Killed a slime creature
   161 | D        | Reached skill level 11 in Dodging
   161 | D        | Reached skill level 5 in Invocations
   164 | D        | Got the ring "Atoics" {*Slow rElec MR+ Str+4 Int+3}
   170 | D        | Entered arena 6.
   175 | D        | Reached ***** piety under Makhleb
   189 | D        | Reached XP level 8. HP: 71/71 MP: 9/12
   205 | D        | Entered arena 7.
   206 | D        | Noticed a hippogriff
   215 | D        | Reached skill level 12 in Dodging
   216 | D        | Reached ****** piety under Makhleb
   220 | D        | Killed a hippogriff
   242 | D        | Entered arena 8.
   242 | D        | Noticed a black mamba
   249 | D        | Killed a black mamba
   249 | D        | Reached skill level 10 in Fighting
   249 | D        | Gained mutation: A demonic guardian rushes to your aid. [demonic ancestry]
   249 | D        | Reached XP level 9. HP: 78/78 MP: 15/15
   335 | D        | Entered arena 9.
   340 | D        | Reached skill level 13 in Dodging
   505 | D        | Entered arena 10.
   505 | D        | Noticed a wizard
   505 | D        | Noticed a yaktaur
   505 | D        | Noticed a vault guard
   507 | D        | Noticed an ironbrand convoker
   507 | D        | Noticed a vault sentinel
   508 | D        | Noticed a vault guard
   509 | D        | Noticed a vault sentinel
   511 | D        | Noticed a rakshasa
   514 | D        | Killed a vault guard
   514 | D        | Reached skill level 10 in Invocations
   518 | D        | Killed an ironbrand convoker
   522 | D        | Killed a yaktaur
   522 | D        | Reached skill level 10 in Long Blades
   522 | D        | Reached skill level 14 in Dodging
   531 | D        | Killed a rakshasa
   531 | D        | Gained mutation: You are significantly more attuned to the shadows. [demonic ancestry]
   531 | D        | Reached XP level 10. HP: 55/88 MP: 16/18
   532 | D        | Killed a wizard
   538 | D        | Killed a vault sentinel
   540 | D        | Killed a vault sentinel
   551 | D        | Killed a vault guard
   551 | D        | Reached skill level 15 in Dodging
   563 | D        | Got the ring of the Doge {Ice +Fly Str+5 Int-5 Dex-2}
   577 | D        | Entered arena 11.
   578 | D        | Noticed a cyan ugly thing
   578 | D        | Noticed a shining eye
   581 | D        | Noticed a black mamba
   581 | D        | Noticed a red ugly thing
   587 | D        | Killed a shining eye
   590 | D        | Killed a cyan ugly thing
   594 | D        | Killed a black mamba
   600 | D        | Killed a cyan ugly thing
   603 | D        | Gained mutation: You are dopey. (Int -2) [a neqoxec]
   606 | D        | Gained mutation: You are mostly covered in icy blue scales. (AC +3) [demonic ancestry]
   606 | D        | Reached XP level 11. HP: 96/96 MP: 20/20
   626 | D        | Entered arena 12.
   634 | D        | Noticed a reaper
   647 | D        | Mangled by a reaper

Vault maps used:
D:        sprint_v

Skill      XL: |  1  2  3  4  5  6  7  8  9 10 |
---------------+-------------------------------+-----
Fighting       | 4 5 6 7 8 9 10 11 12 | 12.7
Long Blades    | 3 4 5 7 8 10 11 | 11.5
Dodging        | 5 7 8 9 10 11 12 14 15 | 15.8
Invocations    | 4 6 8 11 13 | 13.2
Stealth        | |  1.7
Unarmed Combat | |  2.6

Action                   |  1- 3 |  4- 6 |  7- 9 | 10-12 || total
-------------------------+-------+-------+-------+-------++-------
Melee: Demon blade       |     4 |    24 |    77 |    60 ||   165
       Kick              |     3 |     5 |       |       ||     8
       Punch             |     1 |     1 |     1 |     3 ||     6
  Use: Potion            |     3 |     4 |     4 |     6 ||    17
 Stab: Sleeping          |     1 |     1 |       |     1 ||     3
       Distracted        |       |       |     1 |       ||     1
       Invisible         |       |       |       |    13 ||    13
  Eat: Meat ration       |       |       |     1 |       ||     1
Armor: Robe              |       |     4 |     3 |     2 ||     9
Dodge: Dodged            |     1 |    25 |    92 |    62 ||   180
       Rpst.: Demon blade |     1 |     9 |    26 |    13 ||    49
